 Dungeon Sprint DCSS version 0.31-a0-75-g6fe912e8c5 (webtiles) character file.

Game seed: 5561580996725013152

1796 sircluck the Grappler (level 8, -8/92 HPs)
             Began as a Troll Berserker on May 23, 2023.
             Was a High Priest of Trog.
             Mangled by Kirke (17 damage)
             ... in the Dungeon (Sprint II: "The Violet Keep of Menkaure").
             The game lasted 00:02:22 (280 turns).

sircluck the Grappler (Troll Berserker)              Turns: 280, Time: 00:02:22

Health: -8/92      AC:  0    Str: 28    XL:     8   Next: 83%
Magic:  7/7        EV: 17    Int:  3    God:    Trog [*****.]
Gold:   7          SH:  0    Dex:  9    Spells: 7/7 levels left

rFire   . .          .
                       - Unarmed
rCold   . . .        (shield currently unavailable)
rNeg    . . .        a - melded +0 animal skin
rPois   .            (helmet currently unavailable)
rElec   .            (cloak currently unavailable)
rCorr   .            (gloves unavailable)
SInv    .            (boots unavailable)
Will    .....        (no amulet)
Stlth   +            i - melded ring of flight
HPRegen 1.15/turn    (ring currently unavailable)
MPRegen 0.10/turn

%: no teleportation
@: pig-form, on berserk cooldown, slowed
A: fast, no casting, small, unfitting armour, (claws 3), regeneration 1, (shaggy
fur 1), (tough skin 1)
a: Renounce Religion, Berserk, Trog's Hand, Brothers in Arms


You were in the Dungeon.
You worshipped Trog.
Trog was extremely pleased with you.
You were a filthy swine.
You visited 1 branch You collected 972 gold pieces.
You spent 965 gold pieces at shops.

Inventory:

Armour
 a - a +0 animal skin (melded)
Jewellery
 i - a ring of flight (melded)
Scrolls
 b - a scroll of acquirement
 h - a scroll of magic mapping
Potions
 d - a potion of haste
 e - 2 potions of magic
 f - a potion of berserk rage


   Skills:
 + Level 9.1 Fighting
 + Level 9.9 Dodging
 + Level 13.1 Unarmed Combat


You had 7 spell levels left.
You didn't know any spells.
Your spell library was empty.

Dungeon Overview and Level Annotations

Branches:
Dungeon (1/1)

Altars:

Shops:
D !::?=[?[?(!(=(=

Annotations:
D exclusions: obsidian statue and oklob plant, Kirke, Roxanne


Innate Abilities, Weirdness & Mutations

You are a filthy swine.
You move quickly.
Your equipment is almost entirely melded.
You are incapable of wielding weapons or throwing items.
You cannot cast spells.
You are too large for most types of armour.
((You have claws for hands.))
Your natural rate of healing is unusually fast.
((You are covered in fur. (AC +1)))
((You have tough skin. (AC +1)))


Message History

Unknown command.
Unknown command.
You barely miss Kirke. You claw Kirke!
Kirke is lightly wounded.
Kirke hits you.
* * * LOW HITPOINT WARNING * * *
You feel a strong urge to attack something.
You are no longer berserk.
You are exhausted.
You feel yourself slow down.
There is an open door, spattered with blood here.
Blink to where?
Press: ? - help, Q - select action, (/) - cycle Dir - move target
As you read the scroll of blinking, it crumbles to dust.
Kirke gestures at you while chanting.
You barely resist.
There is an open door here.
You feel much better.
The centaur warrior wields a +0 shortbow.
The centaur warrior shoots an arrow.
The arrow hits you!
* * * LOW HITPOINT WARNING * * *
The centaur warrior shoots an arrow.
The arrow hits you!
* * * LOW HITPOINT WARNING * * *
The centaur warrior shoots an arrow.
The arrow barely misses you.
You reach down and close the door.
Kirke opens the door.
Kirke hits you.
* * * LOW HITPOINT WARNING * * *
The kobold demonologist gestures wildly while chanting.
Kirke whispers, "You'd look cute with a curly little tail."
Kirke gestures at you while chanting.
You turn into a filthy swine.
Your +0 animal skin melds into your body.
Your ring of flight melds into your body.
You float gracefully downwards.
There is an open door, spattered with blood here.
You bite Kirke!
Kirke is lightly wounded.
Kirke hits you!
You die...

########lz#+++#+++##
#######~~~....c....#
.∩....#~~~~.##)##..#
∩.∩...#~~~~##K#c## ####
.∩.∩..#~~~~#.@#..# ..#
..∩.⌠.#~~#####c#####..##
.∩.∩..#~##.###§###.##..#
∩.∩...#~#...##K##...#..#
......'~'.#)'.c@h.##'..###
∩.....#~#...##3####.#....###^
▓▓▓▓###~##.###†###.##...§..~~
Y######~~####.#.####~~.§...~#
$#D. ##~~~#.###.#~~~~~~~§.~#
!+=!#+ #†#~## ##~~§~†~§§§~#
$#(##S #)#~~##+##~~~§≈≈~§~~~#
.###S≈ ####~~~~~~~~~~§≈≈≈~~~#
###≈S≈ #+++#+++#~§≈≈≈≈§≈~#


You could see Kirke, a centaur warrior, a sun demon (summoned) and a kobold
demonologist.

Vanquished Creatures
  A skeletal warrior (D)
  A merfolk siren (D)
  3 wyverns (D)
  2 water moccasins (D)
  5 scorpions (D)
  3 worms (D)
15 creatures vanquished.

Vanquished Creatures (others)
  Menkaure (D)
1 creature vanquished.

Grand Total: 16 creatures vanquished

Notes
Turn   | Place    | Note
-------+----------+-------------------------------------------
     0 | D        | sircluck the Troll Berserker began the quest for the Orb.
     0 | D        | Reached XP level 1. HP: 22/22 MP: 0/0
     1 | D        | Noticed a scorpion
     1 | D        | Noticed a scorpion
     6 | D        | Killed a scorpion
     7 | D        | Reached skill level 5 in Unarmed Combat
     7 | D        | Reached XP level 2. HP: 20/33 MP: 1/1
     7 | D        | Reached XP level 3. HP: 25/40 MP: 2/2
    16 | D        | Killed a scorpion
    17 | D        | Reached skill level 5 in Fighting
    17 | D        | Reached skill level 5 in Dodging
    17 | D        | Reached skill level 6 in Unarmed Combat
    17 | D        | Reached XP level 4. HP: 11/50 MP: 3/3
    17 | D        | Noticed a scorpion
    17 | D        | Noticed a scorpion
    22 | D        | Killed a scorpion
    22 | D        | Reached ** piety under Trog
    23 | D        | Reached skill level 7 in Unarmed Combat
    23 | D        | Reached XP level 5. HP: 15/59 MP: 4/4
    28 | D        | Identified Roxanne's Codex of Flesh
    28 | D        | Noticed Roxanne
    28 | D        | Noticed a water moccasin
    59 | D        | Noticed a water moccasin
    64 | D        | Killed a water moccasin
    65 | D        | Reached skill level 8 in Unarmed Combat
    65 | D        | Reached XP level 6. HP: 11/68 MP: 5/5
    65 | D        | Killed a water moccasin
    66 | D        | Reached skill level 9 in Unarmed Combat
    68 | D        | HP: 2/71 [poisoned by a water moccasin]
    83 | D        | Found Ofyaneatt's Antique Weapon Shoppe.
    83 | D        | Found Zim Ifo's Jewellery Emporium.
    84 | D        | Found Onyuhef's Distillery.
    84 | D        | Found Qepize's Antique Weapon Shoppe.
    84 | D        | Found Axotz's Jewellery Emporium.
    86 | D        | Found Rixzujur's Magic Scroll Emporium.
    86 | D        | Found Hobip's Antique Armour Shoppe.
    86 | D        | Found Nir Fadu's Antique Weapon Shoppe.
    88 | D        | Found Refuahup's Jewellery Shoppe.
    88 | D        | Found Zuadokh's Antique Armour Shoppe.
    88 | D        | Found Gitatif's Magic Scroll Emporium.
   105 | D        | Noticed an obsidian statue
   111 | D        | Noticed Menkaure
   113 | D        | Killed Menkaure
   123 | D        | Reached *** piety under Trog
   137 | D        | Noticed a merfolk siren
   148 | D        | Killed a merfolk siren
   148 | D        | Reached **** piety under Trog
   149 | D        | Reached skill level 10 in Unarmed Combat
   149 | D        | Reached XP level 7. HP: 79/79 MP: 6/6
   152 | D        | Noticed a wyvern
   152 | D        | Noticed a wyvern
   155 | D        | Killed a wyvern
   156 | D        | Reached skill level 11 in Unarmed Combat
   157 | D        | Killed a wyvern
   158 | D        | Reached XP level 8. HP: 83/89 MP: 7/7
   179 | D        | Found Bairaush's Magic Scroll Shoppe.
   179 | D        | Found Eqesoenn's Book Emporium.
   179 | D        | Noticed an oklob plant
   180 | D        | Found Refasup's Distillery.
   180 | D        | Found Qost's Book Shoppe.
   182 | D        | Noticed a death yak
   187 | D        | Noticed an ice dragon
   190 | D        | Bought a scroll of acquirement for 676 gold pieces
   190 | D        | Bought a scroll of magic mapping for 97 gold pieces
   204 | D        | Bought a ring of flight for 192 gold pieces
   249 | D        | Noticed a centaur warrior
   249 | D        | Noticed Kirke
   249 | D        | Noticed a skeletal warrior
   250 | D        | Noticed a kobold demonologist
   260 | D        | Reached skill level 12 in Unarmed Combat
   266 | D        | HP: 5/133 [skeletal warrior/+0 battleaxe (29)]
   268 | D        | Killed a skeletal warrior
   268 | D        | Reached ***** piety under Trog
   269 | D        | Reached skill level 13 in Unarmed Combat
   279 | D        | Noticed a sun demon
   280 | D        | Mangled by Kirke

Illustrated notes

Levels and vault maps discovered:
D:        the_violet_keep_of_menkaure [sprint2_stairs_cluster_1,
          sprint2_shoproom, sprint2_temple, sprint2_basic_supplies,
          sprint2_obstacle_3, sprint2_obstacle_5, sprint2_obstacle_6,
          sprint2_obstacle_7, sprint2_obstacle_1, sprint2_timed_cluster_1,
          sprint2_smallroom_cluster_1, sprint2_smallroom_final_cluster_1,
          sprint2_transparent_cluster_1, sprint2_second_timed_cluster_1,
          sprint2_sniper_area_1, sprint2_heavy_combat_area_1,
          sprint2_mutation_trap_area_1, sprint2_forest_area_1,
          sprint2_light_combat_area_1, sprint2_behind_water_1,
          sprint2_near_end_vault_1]

Skill      XL: |  1  2  3  4  5  6  7  8 |
---------------+-------------------------+-----
Fighting       | 4 5 6 7 8 9 |  9.1
Dodging        | 4 5 6 8 9 |  9.9
Unarmed Combat | 5 6 7 8 10 11 13 | 13.1

Action                     |  1- 3 |  4- 6 |  7- 9 || total
---------------------------+-------+-------+-------++-------
  Melee: Unarmed           |    13 |    29 |    23 ||    65
         Punch             |     1 |     4 |       ||     5
 Invoke: Berserk           |       |     1 |     1 ||     2
         Trog's Hand       |       |     1 |       ||     1
    Use: Potion            |     1 |       |     1 ||     2
         Scroll            |       |       |     1 ||     1
 Armour: Animal skin       |     3 |     3 |     2 ||     8
  Dodge: Dodged            |     4 |     8 |     4 ||    16

Table legend: (Time is in decaauts)
 A = Elapsed time spent in this place.
 B = Non-inter-level travel time spent in this place.
 C = Inter-level travel time spent in this place.
 D = Time resting spent in this place.
 E = Time spent auto-exploring this place.
 F = Levels seen in this place.
 G = Mean time per level.
                   A        B        C        D        E       F      G
               +--------+--------+--------+--------+--------+-----+--------+
         Total |    279 |    279 |      0 |     48 |     33 |   1 |  279.0 |
       Dungeon |    279 |    279 |      0 |     48 |     33 |   1 |  279.0 |
               +--------+--------+--------+--------+--------+-----+--------+

Top non-repeatable levels by time:
       D: 279 daAuts
